 Dungeon Crawl Stone Soup version 0.22.1-2-g9c5b331383 (webtiles) character file.

1983 Peloso the Carver (level 9, -13/75 HPs)
             Began as a Minotaur Fighter on Dec 26, 2018.
             Was an Initiate of Okawaru.
             Mangled by Pikel
             ... wielding a +2 whip of electrocution
              (19 damage)
             ... on level 7 of the Dungeon.
             The game lasted 00:14:04 (6242 turns).

Peloso the Carver (Minotaur Fighter)                Turns: 6242, Time: 00:14:05

Health: -13/75     AC: 13    Str: 23    XL:     9   Next: 1%
Magic:  8/8        EV:  8    Int:  5    God:    Okawaru [......]
Gold:   490        SH: 11    Dex: 11    Spells: 8/8 levels left

rFire    . . .     SeeInvis .   a - +0 long sword
rCold    . . .     Gourm    .   c - +0 shield
rNeg     . . .     Faith    .   n - +0 chain mail
rPois    .         Spirit   .   (helmet restricted)
rElec    .         Reflect  .   (no cloak)
rCorr    .         Harm     .   v - +2 pair of gloves
MR       .....                  (no boots)
Stlth    ..........             (no amulet)
HPRegen  0.22/turn              (no ring)
MPRegen  0.11/turn              (no ring)

@: no status effects
A: retaliatory headbutt, horns 2
a: Renounce Religion


You were on level 7 of the Dungeon.
You worshipped Okawaru.
Okawaru was noncommittal.
You were not hungry.

You visited 2 branches of the dungeon, and saw 8 of its levels.
You also visited: Sewer and Ossuary.

You collected 490 gold pieces.

Inventory:

Hand Weapons
 a - a +0 long sword (weapon)
Armour
 b - a +0 scale mail
 c - a +0 shield (worn)
 n - a +0 chain mail (worn)
 v - a +2 pair of gloves (worn)
Wands
 s - a wand of acid (9)
 w - a wand of disintegration (8)
Scrolls
 e - 3 scrolls of amnesia
 h - 2 scrolls of random uselessness
 i - 4 scrolls of blinking
 k - a scroll of immolation {unknown}
 q - a scroll of enchant armour {unknown}
 r - 2 scrolls of fear {unknown}
 t - 2 scrolls of enchant weapon
 y - 3 scrolls of teleportation
 A - a scroll of fog {unknown}
 B - a scroll of identify
Potions
 d - a potion of agility
 g - a potion of brilliance
 j - 3 potions of heal wounds
 l - 2 potions of curing
 m - 2 potions of haste
 o - 2 potions of flight
 p - 3 potions of invisibility
 u - a potion of ambrosia
 x - a potion of mutation
 z - a potion of magic {unknown}
Comestibles
 f - 7 rations


   Skills:
 + Level 6.0 Fighting
 + Level 8.8 Long Blades
 + Level 7.2 Armour
 + Level 2.8 Dodging
 + Level 0.2 Stealth
 + Level 8.1 Shields


You had 8 spell levels left.
You didn't know any spells.
Your spell library contained the following spells:

 Spells                   Type           Power        Failure   Level  Hunger
 Corpse Rot               Necr           N/A          100%        2    ###....
 Sublimation of Blood     Necr           #.........   100%        2    ###....
 Agony                    Necr           #.......     100%        5    ######.
 Bolt of Draining         Conj/Necr      #.........   100%        5    ######.
 Dispel Undead            Necr           #.......     100%        5    ######.
 Excruciating Wounds      Chrm/Necr      #.........   100%        5    ######.


Dungeon Overview and Level Annotations

Branches:
Dungeon (7/15)             Temple (1/1) D:6

Altars:
Ashenzari
Cheibriados
Dithmenos
Elyvilon
Fedhas
Hepliaklqana
Makhleb
Nemelex Xobeh
Okawaru
Qazlal
Ru
Sif Muna
Wu Jian
Xom
Yredelemnul
Zin
The Shining One

Annotations:
D:3 3 runed doors, thefreepie's ghost, amateur SpCj
D:7 Pikel


Innate Abilities, Weirdness & Mutations

You reflexively headbutt those who attack you in melee.
You have a pair of horns on your head.


Message History

Pikel is almost dead.
Pikel hits you but does no damage.
You are electrocuted!
* * * LOW HITPOINT WARNING * * *
You closely miss Pikel. Your headbutt misses Pikel.
Pikel is almost dead.
You block Pikel's attack.
You closely miss Pikel. Your headbutt misses Pikel.
Pikel is almost dead.
You block Pikel's attack.
You closely miss Pikel.
Pikel is almost dead.
Pikel hits you but does no damage.
You are electrocuted!
* * * LOW HITPOINT WARNING * * *
You miss Pikel.
Pikel is almost dead.
You block Pikel's attack.
Your chain mail prevents you from hitting Pikel.
Pikel is almost dead.
Pikel hits you but does no damage.
You are electrocuted!
You die...

#...............#.
#...............#.
#.......##########
#..........#......
#.......##.#.#####
#.########.#.#####
#.# #....)... #.#
#.#.##### #@#
#.#.# # #K#
########.##### #p#
#............. #p#
##.#####.##### #p#
#.# #.. #.# #.#
#.# #.# #.# #.#
#.. #.# #.#
#####.###.#


You could see Pikel and 3 slaves.

Vanquished Creatures
  A hungry ghost (D:7)
  A slave (D:7)
  A phantom (D:4)
  A necrophage (D:6)
  2 ogres
  2 elf zombies (Ossuary)
  Blork the orc (D:5)
  2 bullfrogs (D:6)
  A gnoll sergeant (D:7)
  A water moccasin skeleton (D:6)
  A human zombie (Ossuary)
  4 hounds
  A jelly (D:6)
  2 centaur skeletons (D:5)
  2 orc priests
  4 orc wizards
  3 bullfrog skeletons
  Jessica (D:3)
  6 worker ants
  A hound skeleton (D:7)
  4 mummies (Ossuary)
  4 gnolls
  2 river rats (D:5)
  10 adders
  A shadow imp (D:5)
  6 oozes
  An adder zombie (Ossuary)
  3 worms (Sewer)
  8 leopard geckos
  20 orcs
  14 bats
  5 giant cockroaches
  A gnoll zombie (Ossuary)
  8 goblins
  7 hobgoblins
  5 jackals
  3 quokkas
  6 ball pythons
  12 frilled lizards
  A goblin zombie (Ossuary)
  3 hobgoblin zombies (Ossuary)
  2 jackal zombies
  7 kobolds
  A quokka skeleton (D:4)
  8 rats
  2 rat zombies (Ossuary)
182 creatures vanquished.

Notes
Turn   | Place    | Note
-------+----------+-------------------------------------------
     0 | D:1      | Peloso the Minotaur Fighter began the quest for the Orb.
     0 | D:1      | Reached XP level 1. HP: 19/19 MP: 0/0
   147 | D:1      | Reached XP level 2. HP: 24/27 MP: 1/1
   524 | D:2      | Reached XP level 3. HP: 26/33 MP: 2/2
   568 | D:2      | Reached XP level 4. HP: 28/41 MP: 3/3
  1037 | D:2      | Reached XP level 5. HP: 40/47 MP: 4/4
  1085 | D:2      | Reached skill level 1 in Dodging
  1136 | D:2      | Found a burning altar of Makhleb.
  1306 | D:3      | Reached skill level 5 in Shields
  1536 | D:3      | Noticed Jessica
  1542 | D:3      | Killed Jessica
  1542 | D:3      | Reached skill level 5 in Armour
  1565 | D:3      | Found a runed gate.
  1565 | D:3      | Found a runed gate.
  1565 | D:3      | Found a runed gate.
  1565 | D:3      | Noticed thefreepie's ghost (amateur SpCj)
  1920 | D:3      | Reached XP level 6. HP: 53/53 MP: 5/5
  2388 | D:4      | Reached skill level 5 in Long Blades
  2540 | D:4      | Reached XP level 7. HP: 58/60 MP: 6/6
  3010 | D:5      | Entered Level 5 of the Dungeon
  3015 | D:5      | Reached skill level 5 in Fighting
  3042 | D:5      | Found a sand-covered staircase.
  3048 | Ossuary  | Entered an ossuary
  3425 | D:5      | Found a basalt altar of Yredelemnul.
  3445 | D:5      | Noticed Blork the orc
  3468 | D:5      | Found a glowing drain.
  3487 | D:5      | Reached XP level 8. HP: 16/68 MP: 7/7
  3494 | Sewer    | Entered a sewer
  4501 | D:5      | Killed Blork the orc
  5087 | D:6      | Found a staircase to the Ecumenical Temple.
  5099 | Temple   | Entered the Ecumenical Temple
  5105 | Temple   | Became a worshipper of Warmaster Okawaru
  5155 | D:6      | Found a sacrificial altar of Ru.
  6205 | D:7      | Reached XP level 9. HP: 70/75 MP: 8/8
  6212 | D:7      | Noticed Pikel
  6242 | D:7      | Mangled by Pikel

Skill      XL: |  1  2  3  4  5  6  7  8 |
---------------+-------------------------+-----
Fighting       | 4 5 6 |  6.0
Armour         | 4 5 6 7 |  7.2
Shields        | 4 5 6 8 |  8.1
Long Blades    | 3 4 5 6 8 |  8.8
Dodging        | 1 2 |  2.8
Stealth        | |  0.2

Action                   |  1- 3 |  4- 6 |  7- 9 || total
-------------------------+-------+-------+-------++-------
Melee: Long sword        |    43 |   176 |   296 ||   515
       Headbutt          |     5 |    39 |    68 ||   112
  Use: Scroll            |       |     7 |    10 ||    17
       Potion            |       |       |     3 ||     3
  Eat: Chunk             |       |     5 |    10 ||    15
       Ration            |       |       |     2 ||     2
Armor: Scale mail        |    28 |    17 |       ||    45
       Chain mail        |       |    70 |   216 ||   286
Dodge: Dodged            |    21 |    45 |    98 ||   164
Block: Shield            |    35 |    95 |   205 ||   335
       Rpst.: Long sword |     6 |    11 |    35 ||    52
